 Dungeon Crawl Stone Soup version 0.31.0-32-g396128a36d (webtiles) character file.

Game seed: 11955188027043288408

36 Peloso the Trooper (level 3, 33/33 HPs)
             Began as a Minotaur Fighter on Mar 17, 2024.
             Got out of the dungeon alive.
             The game lasted 00:01:59 (1040 turns).

Peloso the Trooper (Minotaur Fighter)               Turns: 1040, Time: 00:02:00

Health: 33/33      AC:  8    Str: 20    XL:     3   Next: 19%
Magic:  2/2        EV:  9    Int:  5    God:
Gold:   99         SH:  4    Dex: 11    Spells: 2/2 levels left

rFire   + . .        a - +0 long sword
rCold   . . .        c - +0 buckler
rNeg    . . .        b - +0 scale mail
rPois   .            (helmet restricted)
rElec   .            (no cloak)
rCorr   .            (no gloves)
SInv    .            (no boots)
Will    .....        (no amulet) Stlth
                     (no ring)
HPRegen 0.25/turn    (no ring)
MPRegen 0.08/turn

%: no passive effects
@: no status effects
A: horns 2, retaliatory headbutt, hooves 1, fire resistance 1, shaggy fur 1
a: no special abilities


You escaped.
You visited 1 branch of the dungeon, and saw 2 of its levels.

You collected 99 gold pieces.

Inventory:

Hand Weapons
 a - a +0 long sword (weapon)
Armour
 b - a +0 scale mail (worn)
 c - a +0 buckler (worn)
Scrolls
 g - a scroll of vulnerability
Potions
 d - a potion of might
 f - a potion of ambrosia {unknown}


   Skills:
 + Level 4.3 Fighting
 + Level 2.8 Long Blades
 + Level 4.2 Armour
 + Level 3.9 Shields


You had 2 spell levels left.
You didn't know any spells.
Your spell library was empty.

Dungeon Overview and Level Annotations

Branches:
Dungeon (2/15)

Altars:

Shops:
D:2 *?


Innate Abilities, Weirdness & Mutations

You have a pair of horns on your head.
You reflexively headbutt those who attack you in melee.
You have large cloven feet.
Your flesh is heat resistant. (rF+)
You are covered in fur. (AC +1)


Message History

A hobgoblin comes into view.
A hobgoblin is nearby!
A hobgoblin is nearby!
A hobgoblin is nearby!
A hobgoblin is nearby!
The hobgoblin completely misses you.
You barely miss the hobgoblin. You kick the hobgoblin.
The hobgoblin is severely wounded.
The hobgoblin completely misses you.
You hit the hobgoblin but do no damage. Your kick misses the hobgoblin.
Your headbutt misses the hobgoblin.
The hobgoblin is severely wounded.
The hobgoblin barely misses you. The hobgoblin closely misses you.
You furiously retaliate!
You headbutt the hobgoblin. You hit the hobgoblin but do no damage.
The hobgoblin is almost dead.
You block the hobgoblin's attack.
You barely miss the hobgoblin.
You kick the hobgoblin, but do no damage.
You headbutt the hobgoblin.
You kill the hobgoblin!
You see here a hobgoblin corpse.
Found Geqoas's Magic Scroll Emporium and Hunokela's General Store.
There is an entrance to Hunokela's General Store here.
You now have 99 gold pieces (gained 6).
There is an entrance to Geqoas's Magic Scroll Emporium here.
As you read the scroll labelled YQI GOJUCITEUTADO, it crumbles to dust.
It is a scroll of identify.
g - a scroll of vulnerability
As you read the scroll labelled AZXOQESKAU, it crumbles to dust.
You feel aware of your surroundings.
It was a scroll of revelation.
What level of the Dungeon? (default 12, ? - help)
There is a stone staircase leading up here.
You climb upwards.
There is a stone staircase leading down here.
There is an open door here.
You open the door.
There is an open door here.
There is a staircase leading out of the dungeon here.
You have escaped!

#.(#.## ##....
#####.##### ##...
#.........#######..
#.###...#..........
### ###'#########..
#♣♣♣♣P.♣♣#######..
#≈♣P.....'........
#.....~♣♣###..##..
#@.~P♣P♣ ###..#...
######## #........
###..##.. #.....#
#.##### #.#####
#...... #######


There were no monsters in sight!

Vanquished Creatures
  An adder (D:2)
  A ball python (D:1)
  2 bats
  3 endoplasms (D:1)
  2 giant cockroaches (D:1)
  2 goblins
  4 hobgoblins
  2 jackals (D:1)
  2 quokkas (D:1)
  A frilled lizard (D:1)
  3 rats (D:1)
23 creatures vanquished.

Notes
Turn   | Place    | Note
-------+----------+-------------------------------------------
     0 | D:1      | Peloso the Minotaur Fighter began the quest for the Orb.
     0 | D:1      | Reached XP level 1. HP: 19/19 MP: 0/0
   144 | D:1      | Reached XP level 2. HP: 27/27 MP: 1/1
   791 | D:1      | Gained mutation: You have large cloven feet. [potion of
                  | mutation]
   791 | D:1      | Gained mutation: You are covered in fur. (AC +1) [potion of
                  | mutation]
   791 | D:1      | Gained mutation: Your flesh is heat resistant. (rF+)
                  | [potion of mutation]
   899 | D:2      | Reached XP level 3. HP: 33/33 MP: 2/2
   956 | D:2      | Found Geqoas's Magic Scroll Emporium.
   956 | D:2      | Found Hunokela's General Store.
  1040 | D:$      | Got out of the dungeon alive.

Illustrated notes

Levels and vault maps discovered:
D:1:      tarquinn_simple_flora_water_f, layout_loops_corners
D:2:      layout_basic, serial_shops, nicolae_shop_peninsula, shop,
          serial_corexii_hall, corexii_hall_statues_t, corexii_hall_statues_l,
          chequers_hall_statues_y, corexii_hall_statues_deadend

Skill      XL: |  1  2 |
---------------+-------+-----
Fighting       | 4 |  4.3
Armour         | 4 |  4.2
Long Blades    | |  2.8
Shields        | |  3.9

Action                     || total
---------------------------++-------
  Melee: Long sword        ||    53
         Headbutt          ||     7
         Kick              ||     4
    Use: Potion            ||     1
         Scroll            ||     2
 Armour: Scale mail        ||    31
  Dodge: Dodged            ||    23
  Block: Buckler           ||    15
